[Event "Berkeley Summer IM 2019"]
[Site "Berkeley"]
[Date "2019.08.17"]
[Round "1.1"]
[White "Wang, Annie"]
[Black "Lujan, Carolina"]
[Result "1-0"]
[ECO "D85"]
[WhiteElo "2321"]
[BlackElo "2352"]
[Annotator "ChessBase"]
[PlyCount "121"]
[EventDate "2019.08.17"]
[EventCountry "USA"]
[SourceTitle "playchess.com"]
[Source "ChessBase"]
[SourceQuality "1"]
[TimeControl "5400+30"]

1. d4 Nf6 2. c4 g6 3. Nc3 d5 4. cxd5 Nxd5 5. e4 Nxc3 6. bxc3 Bg7 7. Bb5+ c6 8. Ba4 O-O 9. Ne2 e5 10. O-O Nd7 11. Be3 Qe7 12. f3 Nb6 13. Bb3 Be6 14. d5 cxd5 15. exd5 Rad8 16. c4 e4 17. Nf4 Bf5 18. Rc1 exf3 19. Qxf3 Rfe8 20. Rfe1 Qb4 21. Qf2 Re4 22. Nd3 Qf8 23. Nc5 Rxe3 24. Qxe3 Bh6 25. Qf2 Bxc1 26. Rxc1 Rc8 27. Nxb7 Nxd5 28. c5 Nb4 29. Bc4 Nd3 30. Bxd3 Bxd3 31. Qe3 Ba6 32. Nd6 Rc6 33. Re1 Bc8 34. Qe8 Rxc5 35. Qxf8+ Kxf8 36. Re8+ Kg7 37. Rxc8 Rd5 38. Nc4 Rd1+ 39. Kf2 Rc1 40. Nd6 Rd1 41. Ne4 f5 42. Rc7+ Kh6 43. Nc3 Rd2+ 44. Kf3 g5 45. h3 Kg6 46. a4 h5 47. Ne2 a5 48. Rc6+ Kf7 49. Rc5 g4+ 50. Ke3 Ra2 51. Rxf5+ Kg7 52. hxg4 Ra3+ 53. Kf2 Rxa4 54. gxh5 Ra1 55. g4 a4 56. g5 a3 57. Ra5 a2 58. Ra7+ Kg8 59. h6 Rb1 60. Rxa2 Rb5 61. g6 1-0

[Event "Berkeley Summer IM 2019"]
[Site "Berkeley"]
[Date "2019.08.17"]
[Round "1.2"]
[White "Krush, Irina"]
[Black "Hernandez Moya, Yuleisy"]
[Result "1-0"]
[ECO "E49"]
[WhiteElo "2417"]
[BlackElo "2199"]
[Annotator "ChessBase"]
[PlyCount "69"]
[EventDate "2019.08.17"]
[EventCountry "USA"]
[SourceTitle "playchess.com"]
[Source "ChessBase"]
[SourceQuality "1"]
[TimeControl "5400+30"]

1. d4 Nf6 2. c4 e6 3. Nc3 Bb4 4. f3 d5 5. a3 Bxc3+ 6. bxc3 c5 7. cxd5 exd5 8. e3 O-O 9. Bd3 b6 10. Ne2 Re8 11. O-O Ba6 12. Bxa6 Nxa6 13. Qd3 Nc7 14. Ra2 Qd7 15. a4 Rad8 16. Ng3 Re6 17. Rd1 Qc6 18. Re1 Rde8 19. Rae2 Qxa4 20. e4 cxd4 21. cxd4 Nb5 22. Bb2 Rc8 23. e5 Ne8 24. f4 Qc4 25. Qe3 Rec6 26. f5 f6 27. Nh5 Qb4 28. Qf3 Rd8 29. Qg4 Qf8 30. Re3 Rc2 31. Rb3 a6 32. Nf4 Nec7 33. Qh4 Re8 34. Ng6 Qf7 35. Qxh7+ 1-0

[Event "Berkeley Summer IM 2019"]
[Site "Berkeley"]
[Date "2019.08.17"]
[Round "1.3"]
[White "Uyanga, Byambaa"]
[Black "Cervantes Landeiro, Thalia"]
[Result "0-1"]
[ECO "B86"]
[WhiteElo "2114"]
[BlackElo "2118"]
[Annotator "ChessBase"]
[PlyCount "92"]
[EventDate "2019.08.17"]
[EventCountry "USA"]
[SourceTitle "playchess.com"]
[Source "ChessBase"]
[SourceQuality "1"]
[TimeControl "5400+30"]

1. e4 c5 2. Nf3 d6 3. d4 cxd4 4. Nxd4 Nf6 5. Nc3 a6 6. Bc4 e6 7. Bb3 Nbd7 8. g4 Nc5 9. f3 b5 10. g5 Nfd7 11. Be3 Bb7 12. Qd2 Be7 13. O-O-O Nb6 14. a3 Nc4 15. Bxc4 bxc4 16. h4 Qa5 17. h5 Rb8 18. g6 Qb6 19. gxf7+ Kxf7 20. Qe2 Ba8 21. Qxc4 Qxb2+ 22. Kd2 Rhc8 23. Ke2 d5 24. exd5 Ne4 25. dxe6+ Kg8 26. Qxc8+ Rxc8 27. Nxe4 Bxe4 28. fxe4 Qxa3 29. Rhg1 Bf6 30. Nf5 Rxc2+ 31. Kf3 Rc3 32. e5 Qc5 33. exf6 Qxf5+ 34. Ke2 Rc2+ 35. Rd2 Rxd2+ 36. Kxd2 Qxf6 37. h6 Qxe6 38. Rxg7+ Kf8 39. Rxh7 Qa2+ 40. Kc3 Qa3+ 41. Kd4 Qb4+ 42. Kd5 Qb3+ 43. Kd4 Qb6+ 44. Kd5 Qxe3 45. Rh8+ Kf7 46. h7 Qd3+ 0-1

[Event "Berkeley Summer IM 2019"]
[Site "Berkeley"]
[Date "2019.08.17"]
[Round "1.4"]
[White "Belakovskaia, Anjelina"]
[Black "Saikhanchimeg, Tsogtsaikhan"]
[Result "0-1"]
[ECO "E17"]
[WhiteElo "2191"]
[BlackElo "2011"]
[Annotator "ChessBase"]
[PlyCount "104"]
[EventDate "2019.08.17"]
[EventCountry "USA"]
[SourceTitle "playchess.com"]
[Source "ChessBase"]
[SourceQuality "1"]
[TimeControl "5400+30"]

1. c4 Nf6 2. d4 e6 3. Nf3 b6 4. g3 Bb7 5. Bg2 Be7 6. O-O O-O 7. b3 d5 8. Ne5 c5 9. dxc5 bxc5 10. Bb2 Nc6 11. Nxc6 Bxc6 12. cxd5 exd5 13. Qc2 Rc8 14. Rd1 Qb6 15. e3 Rfd8 16. Nd2 Bb7 17. Rac1 a5 18. h3 h6 19. Nb1 a4 20. Nc3 axb3 21. axb3 c4 22. bxc4 dxc4 23. Na4 Qa6 24. Rxd8+ Bxd8 25. Bxb7 Qxb7 26. Bd4 Qd7 27. Kh2 Qd6 28. Qf5 Qe6 29. Qxe6 fxe6 30. Kg2 Ne4 31. f4 Ba5 32. Rc2 Rc6 33. Kf3 Nd2+ 34. Ke2 Ne4 35. g4 Kf7 36. Nb2 Nd6 37. Be5 c3 38. Nd1 Nb5 39. Kd3 Na3 40. Rc1 c2 41. Nb2 Rc8 42. Bd4 g5 43. f5 exf5 44. gxf5 h5 45. Na4 Rb8 46. Bb2 Rd8+ 47. Ke2 g4 48. hxg4 hxg4 49. Bd4 g3 50. Bc5 Bd2 51. Bxa3 Bxc1 52. Bxc1 Rd1 0-1

[Event "Berkeley Summer IM 2019"]
[Site "Berkeley"]
[Date "2019.08.17"]
[Round "1.5"]
[White "Matras-Clement, Agnieszka"]
[Black "Ordaz Valdes, Lisandra Teresa"]
[Result "0-1"]
[ECO "C54"]
[WhiteElo "2260"]
[BlackElo "2393"]
[Annotator "ChessBase"]
[PlyCount "74"]
[EventDate "2019.08.17"]
[EventCountry "USA"]
[SourceTitle "playchess.com"]
[Source "ChessBase"]
[SourceQuality "1"]
[TimeControl "5400+30"]

1. e4 e5 2. Nf3 Nc6 3. Bc4 Bc5 4. c3 Nf6 5. d3 O-O 6. Nbd2 a6 7. h3 Ba7 8. Bb3 d6 9. Nf1 Ne7 10. Ng3 Ng6 11. O-O c6 12. d4 h6 13. Re1 Re8 14. Be3 exd4 15. Nxd4 d5 16. exd5 Nxd5 17. Qh5 Re5 18. Ndf5 Bxf5 19. Bxa7 Be4 20. Qd1 Bxg2 21. Rxe5 Nxe5 22. Bd4 Bf3 23. Qf1 Ng6 24. Qd3 Nh4 25. Bc2 g6 26. Kh2 Qg5 27. Rg1 Re8 28. a3 Nf4 29. Qd2 Be2 30. Nxe2 Nf3+ 31. Kh1 Qh4 32. Nxf4 Nxd2 33. Bxg6 Qxf4 34. Bc2+ Kf8 35. Bc5+ Re7 36. Re1 Nf3 37. Bxe7+ Kg7 0-1

[Event "Berkeley Summer IM 2019"]
[Site "Berkeley"]
[Date "2019.08.20"]
[Round "6.4"]
[White "Saikhanchimeg, Tsogtsaikhan"]
[Black "Hernandez Moya, Yuleisy"]
[Result "1-0"]
[ECO "C00"]
[WhiteElo "2011"]
[BlackElo "2199"]
[Annotator "ChessBase"]
[PlyCount "55"]
[EventDate "2019.08.14"]
[EventType "tourn"]
[EventCountry "USA"]
[SourceTitle "playchess.com"]
[Source "ChessBase"]
[SourceQuality "1"]
[TimeControl "5400+30"]

1. e4 e6 2. Qe2 e5 3. Nf3 Nc6 4. c3 d6 5. d4 g6 6. Bg5 f6 7. Be3 Bg7 8. Qd2 f5 9. exf5 Bxf5 10. dxe5 Nxe5 11. Nxe5 Bxe5 12. Bc4 c6 13. Na3 d5 14. O-O-O Nf6 15. Bd3 Bxd3 16. Qxd3 Qc7 17. g3 O-O-O 18. Bxa7 Bd6 19. Bd4 Rhf8 20. Nc2 Qa5 21. Kb1 Kc7 22. Rhe1 Ra8 23. a3 Nd7 24. c4 c5 25. Bc3 Qa6 26. Qxd5 Rf5 27. Ba5+ Kb8 28. Qxd6+ 1-0

[Event "Berkeley Summer IM 2019"]
[Site "Berkeley"]
[Date "2019.08.19"]
[Round "6.5"]
[White "Saikhanchimeg, Tsogtsaikhan"]
[Black "Cervantes Landeiro, Thalia"]
[Result "*"]
[ECO "B96"]
[WhiteElo "2011"]
[BlackElo "2118"]
[Annotator "ChessBase"]
[PlyCount "35"]
[EventDate "2019.08.14"]
[EventType "tourn"]
[EventCountry "USA"]
[SourceTitle "playchess.com"]
[Source "ChessBase"]
[SourceQuality "1"]
[TimeControl "5400+30"]

1. e4 c5 2. Nf3 d6 3. d4 cxd4 4. Nxd4 Nf6 5. Nc3 a6 6. Bg5 e6 7. f4 h6 8. Bh4 Qb6 9. a3 Be7 10. Bf2 Qc7 11. Qf3 Nbd7 12. O-O-O b5 13. g4 Bb7 14. Bd3 Nc5 15. g5 hxg5 16. fxg5 Nfd7 17. g6 fxg6 18. Bg3 *

[Event "Berkeley Summer IM 2019"]
[Site "Berkeley"]
[Date "2019.08.20"]
[Round "7.1"]
[White "Krush, Irina"]
[Black "Uyanga, Byambaa"]
[Result "1/2-1/2"]
[ECO "E73"]
[WhiteElo "2417"]
[BlackElo "2114"]
[Annotator "NA"]
[PlyCount "48"]
[EventDate "2019.08.14"]
[EventType "tourn"]
[EventCountry "USA"]
[SourceTitle "playchess.com"]
[Source "ChessBase"]
[SourceQuality "1"]
[TimeControl "5400+30"]

1. d4 Nf6 2. c4 g6 3. Nc3 Bg7 4. e4 d6 5. Be2 O-O 6. Be3 e5 7. d5 Nbd7 8. g4 Ne8 9. h4 f5 10. exf5 gxf5 11. gxf5 Nc5 12. Nf3 Bxf5 13. h5 Bf6 14. Qd2 Kh8 15. O-O-O Qd7 16. Nh4 Bxh4 17. Rxh4 Nf6 18. f4 Nfe4 19. Nxe4 Nxe4 20. Qe1 Qa4 21. Bd3 Qxa2 22. fxe5 Qa1+ 23. Kc2 Qa4+ 24. Kc1 Qa1+ 1/2-1/2

[Event "Berkeley Summer IM 2019"]
[Site "Berkeley"]
[Date "2019.08.20"]
[Round "7.2"]
[White "Cervantes Landeiro, Thalia"]
[Black "Lujan, Carolina"]
[Result "0-1"]
[ECO "A65"]
[WhiteElo "2118"]
[BlackElo "2352"]
[Annotator "NA"]
[PlyCount "98"]
[EventDate "2019.08.14"]
[EventType "tourn"]
[EventCountry "USA"]
[SourceTitle "playchess.com"]
[Source "ChessBase"]
[SourceQuality "1"]
[TimeControl "5400+30"]

1. d4 Nf6 2. c4 g6 3. f3 e6 4. e4 c5 5. d5 d6 6. Nc3 Bg7 7. Nge2 exd5 8. cxd5 O-O 9. Be3 Nbd7 10. Ng3 h5 11. Be2 Re8 12. O-O a6 13. a4 b6 14. Nh1 Bb7 15. Qd2 Rc8 16. b3 Nh7 17. Rac1 Qe7 18. Nf2 f5 19. Bh6 Bd4 20. exf5 gxf5 21. Bd3 Qf6 22. Ne2 Be5 23. Bf4 h4 24. Qc2 Bxd5 25. Bxf5 Qg7 26. Bh6 Qxh6 27. Bxd7 Qg7 28. Bxc8 Rxc8 29. Qd3 Be6 30. f4 Bb2 31. Qxd6 Bxb3 32. Rb1 Bc4 33. Kh1 Re8 34. Ng1 Bxf1 35. Rxf1 c4 36. Qc6 Qf7 37. Qxb6 c3 38. Nd3 Qe6 39. Qb4 Qe4 40. Qb3+ Qe6 41. Qc2 Rb8 42. Ne5 Nf8 43. Ne2 h3 44. Nxc3 Bxc3 45. Qxc3 hxg2+ 46. Kxg2 Qd5+ 47. Qf3 Rb2+ 48. Kh3 Rb3 49. Rg1+ Kh7 0-1

[Event "Berkeley Summer IM 2019"]
[Site "Berkeley"]
[Date "2019.08.20"]
[Round "7.3"]
[White "Hernandez Moya, Yuleisy"]
[Black "Wang, Annie"]
[Result "1/2-1/2"]
[ECO "B51"]
[WhiteElo "2199"]
[BlackElo "2321"]
[Annotator "NA"]
[PlyCount "62"]
[EventDate "2019.08.14"]
[EventType "tourn"]
[EventCountry "USA"]
[SourceTitle "playchess.com"]
[Source "ChessBase"]
[SourceQuality "1"]
[TimeControl "5400+30"]

1. e4 c5 2. Nf3 d6 3. Bb5+ Nd7 4. O-O Ngf6 5. Re1 a6 6. Bf1 e6 7. c3 Be7 8. d4 cxd4 9. cxd4 O-O 10. Nc3 b5 11. e5 Ne8 12. Ne4 Bb7 13. Qd3 dxe5 14. dxe5 Nc5 15. Nxc5 Bxc5 16. Ng5 Qxd3 17. Bxd3 g6 18. Be3 Bb4 19. Red1 Nc7 20. Ne4 Nd5 21. Bc5 Rfd8 22. g3 Bxc5 23. Nxc5 Bc6 24. Be4 a5 25. Rac1 Rdc8 26. Nb3 Nb4 27. Bxc6 Rxc6 28. Rxc6 Nxc6 29. f4 Nb4 30. a3 Nd5 31. Kf2 Nxf4 1/2-1/2

[Event "Berkeley Summer IM 2019"]
[Site "Berkeley"]
[Date "2019.08.20"]
[Round "7.4"]
[White "Matras-Clement, Agnieszka"]
[Black "Belakovskaia, Anjelina"]
[Result "1-0"]
[ECO "B01"]
[WhiteElo "2260"]
[BlackElo "2191"]
[Annotator "NA"]
[PlyCount "63"]
[EventDate "2019.08.14"]
[EventType "tourn"]
[EventCountry "USA"]
[SourceTitle "playchess.com"]
[Source "ChessBase"]
[SourceQuality "1"]
[TimeControl "5400+30"]

1. e4 d5 2. exd5 Nf6 3. d4 Nxd5 4. Be2 g6 5. Nf3 Bg7 6. O-O O-O 7. c4 Nb6 8. Nc3 Nc6 9. d5 Na5 10. c5 Nd7 11. Bd2 c6 12. b4 cxd5 13. bxa5 Nxc5 14. Rc1 d4 15. Nb5 b6 16. axb6 axb6 17. Bc4 e5 18. Re1 Bg4 19. h3 Bxf3 20. Qxf3 Kh8 21. Bb4 f5 22. Rcd1 Qf6 23. Bxc5 bxc5 24. Qd5 Rac8 25. Nd6 Rc7 26. Rb1 h5 27. Rb6 Kh7 28. Reb1 Qg5 29. Rb8 Rxb8 30. Rxb8 Qc1+ 31. Bf1 e4 32. Nxf5 1-0

[Event "Berkeley Summer IM 2019"]
[Site "Berkeley"]
[Date "2019.08.20"]
[Round "7.5"]
[White "Saikhanchimeg, Tsogtsaikhan"]
[Black "Ordaz Valdes, Lisandra Teresa"]
[Result "1-0"]
[ECO "C52"]
[WhiteElo "2011"]
[BlackElo "2393"]
[Annotator "NA"]
[PlyCount "99"]
[EventDate "2019.08.14"]
[EventType "tourn"]
[EventCountry "USA"]
[SourceTitle "playchess.com"]
[Source "ChessBase"]
[SourceQuality "1"]
[TimeControl "5400+30"]

1. e4 e5 2. Nf3 Nc6 3. Bc4 Bc5 4. b4 Bxb4 5. c3 Ba5 6. d4 d6 7. Qb3 Qd7 8. dxe5 Bb6 9. Bb5 Nge7 10. O-O O-O 11. Ba3 Ng6 12. exd6 Nf4 13. Bxc6 Qg4 14. Ne1 bxc6 15. Nd2 Be6 16. c4 Bd4 17. Rd1 Nh3+ 18. Qxh3 Qxd1 19. Qd3 c5 20. Nef3 Qa4 21. Nxd4 cxd4 22. dxc7 Rfc8 23. Bd6 Qxa2 24. Qxd4 a5 25. Qc3 Qa4 26. e5 Qc6 27. Ra1 a4 28. h3 Bd5 29. Qg3 Be6 30. Qd3 Rxc7 31. Bxc7 Qxc7 32. Qd6 Qa5 33. Nb3 Qa6 34. Qxa6 Rxa6 35. Nc5 Ra5 36. Nxe6 fxe6 37. f4 Kf7 38. Ra3 Ke7 39. Kf2 Kd7 40. Ke3 Kc6 41. Kd4 Ra7 42. g4 g6 43. h4 h5 44. gxh5 gxh5 45. Ke4 Kc5 46. f5 Kb4 47. Ra1 exf5+ 48. Kxf5 Kxc4 49. e6 Kd5 50. Rd1+ 1-0

[Event "Berkeley Summer IM 2019"]
[Site "Berkeley"]
[Date "2019.08.21"]
[Round "9.3"]
[White "Cervantes Landeiro, Thalia"]
[Black "Belakovskaia, Anjelina"]
[Result "1/2-1/2"]
[ECO "D70"]
[WhiteElo "2118"]
[BlackElo "2191"]
[Annotator "ChessBase"]
[PlyCount "105"]
[EventDate "2019.08.14"]
[EventType "tourn"]
[EventCountry "USA"]
[SourceTitle "playchess.com"]
[Source "ChessBase"]
[SourceQuality "1"]
[TimeControl "5400+30"]

1. d4 d5 2. c4 c6 3. Nf3 Nf6 4. e3 g6 5. b3 Bg7 6. Bb2 Bg4 7. Be2 O-O 8. O-O Bxf3 9. Bxf3 Ne4 10. Qd3 f5 11. cxd5 cxd5 12. Nc3 e6 13. Ba3 Rf7 14. Na4 Na6 15. Rac1 Rc8 16. b4 Nd6 17. b5 Nb8 18. Rxc8 Nxc8 19. Rc1 Rc7 20. Rc3 b6 21. Bd1 Bf8 22. Bxf8 Kxf8 23. f3 Nd6 24. Be2 Qc8 25. Kf2 Kf7 26. Rxc7+ Qxc7 27. Qc3 Qxc3 28. Nxc3 Nd7 29. a4 Ke7 30. Na2 Nb8 31. Nb4 Nf7 32. Bd3 Kd6 33. e4 fxe4 34. fxe4 e5 35. exd5 exd4 36. Nc6 Ne5 37. Bc2 Nbd7 38. Nxa7 Kxd5 39. Nc6 Nxc6 40. Be4+ Kd6 41. bxc6 Nc5 42. Bf3 Nxa4 43. Ke2 Nc5 44. h4 h6 45. Kd2 b5 46. g4 g5 47. hxg5 hxg5 48. Kc2 b4 49. Bh1 Kc7 50. Bd5 Kd6 51. Bh1 Kc7 52. Bd5 Kd6 53. Bh1 1/2-1/2